| TOP OF THE 1ST |
|
Walla Walla Walleyes batting - Pitching for Lewiston Broncs : RHP Jeff Bittiger
|
|
Pitching: RHP Jeff Bittiger
|
|
|
Batting: SHB Damon Farmar
|
0-0: Ball 1-0: DOUBLE (Flyball, 8RXD, EV 99.4 MPH)
|
|
Batting: RHB John Cortez
|
0-0: Ball 1-0: Ball 2-0: Foul Ball, location: 2F 2-1: Reached on error, E6 (Groundball, 6, EV 85.6 MPH) Damon Farmar to third
|
|
Batting: RHB Curtis Burke
|
0-0: Ball 1-0: 3-RUN HOME RUN (Flyball, 7D, EV 104.4 MPH), Distance : 377 ft
|
|
Batting: SHB Mike A Brumley
|
0-0: Fly out, F8 (Flyball, 8RM, EV 82.5 MPH)
|
|
Batting: LHB Thomas Gertz
|
0-0: Ball 1-0: Ball 2-0: Fly out, F4 (Popup, 34, EV 76.9 MPH)
|
|
Batting: RHB Osbe Hoskins
|
0-0: Foul Ball, location: 2F 0-1: Foul Ball, location: 2F 0-2: Foul Ball, location: 2F 0-2: Foul Ball, location: 2F 0-2: Ball 1-2: Fly out, F4 (Line Drive, 4, EV 66.9 MPH)
|
| Top of the 1st over - 3 runs, 2 hits, 1 error, 0 left on base; Walla Walla 3 - Lewiston 0 |
| BOTTOM OF THE 1ST |
|
Lewiston Broncs batting - Pitching for Walla Walla Walleyes : LHP Richard Embser
|
|
Pitching: LHP Richard Embser
|
|
|
Batting: LHB Wayne Kirby
|
0-0: Bunted foul 0-1: Ball 1-1: Called Strike 1-2: Ball 2-2: Ground out 6-3 (Groundball, 6, EV 85.6 MPH)
|
|
Batting: LHB Alex Hernandez
|
0-0: Fly out, F8 (Line Drive, 8RD, EV 101.3 MPH)
|
|
Batting: RHB Jeff Kunkel
|
0-0: Ball 1-0: Swinging Strike 1-1: Fly out, F7 (Line Drive, 7D, EV 86.9 MPH)
|
| Bottom of the 1st over - 0 runs, 0 hits, 0 errors, 0 left on base; Walla Walla 3 - Lewiston 0 |
| TOP OF THE 2ND |
|
Walla Walla Walleyes batting - Pitching for Lewiston Broncs : RHP Jeff Bittiger
|
|
Batting: LHB Brian Hartsock
|
0-0: Ball 1-0: Ball 2-0: Ball 3-0: Base on Balls
|
|
Batting: SHB Jeff McKnight
|
0-0: Ball 1-0: Swinging Strike 1-1: Called Strike 1-2: Foul Ball, location: 2F 1-2: Ball 2-2: Fly out, F8 (Line Drive, 8RM, EV 90.6 MPH)
|
|
Batting: RHB Mitch Lyden
|
0-0: Called Strike 0-1: Ball Wild Pitch! Brian Hartsock to second 1-1: Ball 2-1: Called Strike 2-2: Fly out, F8 (Flyball, 8LD, EV 98.1 MPH) Runner from 2nd tags up, SAFE at 3rd with throw by CF
|
|
Batting: SHB Damon Farmar
|
0-0: Ball 1-0: Ball 2-0: Foul Ball, location: 2F 2-1: Foul Ball, location: 2F 2-2: Ball 3-2: Strikes out swinging
|
| Top of the 2nd over - 0 runs, 0 hits, 0 errors, 1 left on base; Walla Walla 3 - Lewiston 0 |
| BOTTOM OF THE 2ND |
|
Lewiston Broncs batting - Pitching for Walla Walla Walleyes : LHP Richard Embser
|
|
Batting: RHB Bruce Castoria
|
0-0: Ball 1-0: Fly out, F8 (Flyball, 8RM, EV 82.5 MPH)
|
|
Batting: RHB Sal D'Alessandro
|
0-0: Ball 1-0: Ground out 6-3 (Groundball, 6, EV 103.8 MPH)
|
|
Batting: LHB Nestor Moreno
|
0-0: Called Strike 0-1: SINGLE (Line Drive, 6D, EV 98.8 MPH)
|
|
Batting: RHB Steven Spalt
|
0-0: Foul Ball, location: 2F 0-1: Ball 1-1: Called Strike 1-2: Fly out, F7 (Flyball, 7, EV 75.6 MPH)
|
| Bottom of the 2nd over - 0 runs, 1 hit, 0 errors, 1 left on base; Walla Walla 3 - Lewiston 0 |
| TOP OF THE 3RD |
|
Walla Walla Walleyes batting - Pitching for Lewiston Broncs : RHP Jeff Bittiger
|
|
Batting: RHB John Cortez
|
0-0: Ball 1-0: Swinging Strike 1-1: Ball 2-1: SINGLE (Line Drive, 6MD, EV 105.0 MPH)
|
|
Batting: RHB Curtis Burke
|
0-0: Fly out, F9 (Flyball, 9S, EV 89.4 MPH)
|
|
Batting: SHB Mike A Brumley
|
0-0: Fly out, F6 (Popup, 6M, EV 62.5 MPH)
|
|
Batting: LHB Thomas Gertz
|
0-0: Ball 1-0: Ball 2-0: Fly out, F8 (Line Drive, 8LD, EV 97.5 MPH)
|
| Top of the 3rd over - 0 runs, 1 hit, 0 errors, 1 left on base; Walla Walla 3 - Lewiston 0 |
| BOTTOM OF THE 3RD |
|
Lewiston Broncs batting - Pitching for Walla Walla Walleyes : LHP Richard Embser
|
|
Batting: SHB Stephen Kowalski
|
0-0: Called Strike 0-1: Swinging Strike 0-2: Ball 1-2: Ball 2-2: Strikes out looking
|
|
Batting: RHB Jay Roberts
|
0-0: Ground out 4-3 (Groundball, 4, EV 80.0 MPH)
|
|
Batting: LHB Wayne Kirby
|
0-0: Called Strike 0-1: Ball 1-1: SINGLE (Groundball, 6MS, EV 58.1 MPH) (infield hit)
|
|
Batting: LHB Alex Hernandez
|
0-0: Ball 1-0: Fly out, F7 (Line Drive, 7, EV 108.8 MPH)
|
| Bottom of the 3rd over - 0 runs, 1 hit, 0 errors, 1 left on base; Walla Walla 3 - Lewiston 0 |
| TOP OF THE 4TH |
|
Walla Walla Walleyes batting - Pitching for Lewiston Broncs : RHP Jeff Bittiger
|
|
Batting: RHB Osbe Hoskins
|
0-0: Ball 1-0: Fly out, F8 (Flyball, 8RD, EV 100.6 MPH)
|
|
Batting: LHB Brian Hartsock
|
0-0: Ball 1-0: Ball 2-0: Called Strike 2-1: Ground out 4-3 (Groundball, 4, EV 77.5 MPH)
|
|
Batting: SHB Jeff McKnight
|
0-0: Ball 1-0: Ball 2-0: Ball 3-0: Called Strike 3-1: Foul Ball, location: 2F 3-2: Foul Ball, location: 2F 3-2: Base on Balls
|
|
Batting: RHB Mitch Lyden
|
0-0: Hit by Pitch Jeff McKnight to second
|
|
Batting: SHB Damon Farmar
|
0-0: Called Strike 0-1: Ball 1-1: Ball 2-1: Ball 3-1: Called Strike 3-2: DOUBLE (Line Drive, 89D, EV 101.3 MPH) Jeff McKnight scores Mitch Lyden to third Mitch Lyden scores
|
|
Batting: RHB John Cortez
|
0-0: Called Strike 0-1: Called Strike 0-2: Ball Wild Pitch! Damon Farmar to third 1-2: Ball 2-2: Ball 3-2: Foul Ball, location: 2F 3-2: Strikes out looking
|
| Top of the 4th over - 2 runs, 1 hit, 0 errors, 1 left on base; Walla Walla 5 - Lewiston 0 |
| BOTTOM OF THE 4TH |
|
Lewiston Broncs batting - Pitching for Walla Walla Walleyes : LHP Richard Embser
|
|
Batting: RHB Jeff Kunkel
|
0-0: Foul Ball, location: 2F 0-1: Fly out, F8 (Flyball, 89XD, EV 111.9 MPH)
|
|
Batting: RHB Bruce Castoria
|
0-0: Called Strike 0-1: Ball 1-1: Called Strike 1-2: Strikes out looking
|
|
Batting: RHB Sal D'Alessandro
|
0-0: Ball 1-0: Called Strike 1-1: Called Strike 1-2: Ball 2-2: Ball 3-2: Foul Ball, location: 2F 3-2: Base on Balls
|
|
Batting: LHB Nestor Moreno
|
0-0: Hit by Pitch Sal D'Alessandro to second
|
|
Batting: RHB Steven Spalt
|
0-0: Swinging Strike 0-1: Ball 1-1: Ball 2-1: SINGLE (Line Drive, 34D, EV 95.0 MPH) Sal D'Alessandro to third Nestor Moreno to second Runner from 3rd tries for Home, SAFE, throw by RF to home
|
|
Batting: SHB Stephen Kowalski
|
0-0: Foul Ball, location: 2F 0-1: Swinging Strike 0-2: Ball 1-2: Ball 2-2: Ball 3-2: Strikes out swinging
|
| Bottom of the 4th over - 1 run, 1 hit, 0 errors, 2 left on base; Walla Walla 5 - Lewiston 1 |
| TOP OF THE 5TH |
|
Walla Walla Walleyes batting - Pitching for Lewiston Broncs : RHP Jeff Bittiger
|
|
Batting: RHB Curtis Burke
|
0-0: Ball 1-0: Ball 2-0: Ball 3-0: Base on Balls
|
|
Batting: SHB Mike A Brumley
|
0-0: Foul Ball, location: 2F 0-1: Ball 1-1: Swinging Strike 1-2: Ball 2-2: Foul Ball, location: 2F 2-2: SINGLE (Groundball, 34D, EV 96.3 MPH) Curtis Burke to second Runner from 2nd tries for 3rd, SAFE, no throw by RF
|
|
Batting: LHB Thomas Gertz
|
0-0: Foul Ball, location: 2F 0-1: SINGLE (Flyball, 8RS, EV 86.9 MPH) Curtis Burke scores Mike A Brumley to second Runner from 2nd tries for 3rd, SAFE, throw by CF made to third
|
|
Pitching: RHP Julio Romero
|
|
|
Batting: RHB Osbe Hoskins
|
0-0: Called Strike 0-1: Ball 1-1: Foul Ball, location: 2F 1-2: Ball 2-2: Foul Ball, location: 2F 2-2: Ball 3-2: SINGLE (Line Drive, 89S, EV 99.4 MPH) Mike A Brumley scores Thomas Gertz to second Runner from 2nd tries for 3rd, SAFE, throw by RF made to third
|
|
Batting: LHB Brian Hartsock
|
0-0: Swinging Strike 0-1: Ball 1-1: Foul Ball, location: 2F 1-2: Ball 2-2: Foul Ball, location: 2F 2-2: Foul Ball, location: 2F 2-2: Foul Ball, location: 2F 2-2: Foul Ball, location: 2F 2-2: Ball 3-2: Foul Ball, location: 2F 3-2: SINGLE (Line Drive, 4MD, EV 96.9 MPH) Thomas Gertz scores Osbe Hoskins to second
|
|
Batting: SHB Jeff McKnight
|
0-0: Grounds into double play, 4-6-3 (Groundball, 4, EV 80.0 MPH) Osbe Hoskins to third
|
|
Batting: RHB Mitch Lyden
|
0-0: Ball 1-0: Called Strike 1-1: Ball 2-1: Foul Ball, location: 2F 2-2: Strikes out swinging
|
| Top of the 5th over - 3 runs, 4 hits, 0 errors, 1 left on base; Walla Walla 8 - Lewiston 1 |
| BOTTOM OF THE 5TH |
|
Lewiston Broncs batting - Pitching for Walla Walla Walleyes : LHP Richard Embser
|
|
Batting: RHB Jay Roberts
|
0-0: Called Strike 0-1: Ball 1-1: SINGLE (Flyball, 78S, EV 98.1 MPH)
|
|
Batting: LHB Wayne Kirby
|
0-0: Ball 1-0: SINGLE (Line Drive, 56D, EV 104.4 MPH) Jay Roberts to second
|
|
Batting: LHB Alex Hernandez
|
0-0: Fly out, F6 (Popup, 6M, EV 51.9 MPH)
|
|
Batting: RHB Jeff Kunkel
|
0-0: Called Strike 0-1: SINGLE (Line Drive, 78M, EV 100.0 MPH) Jay Roberts to third Wayne Kirby to second Runner from 3rd tries for Home, SAFE, throw by LF to home
|
|
Batting: RHB Bruce Castoria
|
0-0: Called Strike 0-1: Ball 1-1: Ball 2-1: Ball 3-1: Fly out, F6 (Flyball, 4MD, EV 88.8 MPH)
|
|
Batting: RHB Sal D'Alessandro
|
0-0: Fly out, F9 (Flyball, 9LM, EV 90.0 MPH)
|
| Bottom of the 5th over - 1 run, 3 hits, 0 errors, 2 left on base; Walla Walla 8 - Lewiston 2 |
| TOP OF THE 6TH |
|
Walla Walla Walleyes batting - Pitching for Lewiston Broncs : RHP Julio Romero
|
|
Batting: SHB Damon Farmar
|
0-0: Called Strike 0-1: Swinging Strike 0-2: Ball 1-2: Strikes out swinging
|
|
Batting: RHB John Cortez
|
0-0: Called Strike 0-1: Ball 1-1: Foul Ball, location: 2F 1-2: SINGLE (Groundball, 6MD, EV 96.3 MPH)
|
|
Batting: RHB Curtis Burke
|
0-0: Foul Ball, location: 2F 0-1: SINGLE (Line Drive, 8RS, EV 86.9 MPH) John Cortez to second
|
|
Batting: SHB Mike A Brumley
|
0-0: Ball 1-0: Called Strike 1-1: Fly out, F5 (Popup, 5L, EV 67.5 MPH)
|
|
Batting: LHB Thomas Gertz
|
0-0: Fly out, F3 (Line Drive, 3, EV 70.0 MPH)
|
| Top of the 6th over - 0 runs, 2 hits, 0 errors, 2 left on base; Walla Walla 8 - Lewiston 2 |
| BOTTOM OF THE 6TH |
|
Lewiston Broncs batting - Pitching for Walla Walla Walleyes : LHP Richard Embser
|
|
Batting: LHB Nestor Moreno
|
0-0: Ground out 6-3 (Groundball, 6MS, EV 82.5 MPH)
|
|
Batting: RHB Steven Spalt
|
0-0: Ball 1-0: Ground out 5-3 (Groundball, 56, EV 79.4 MPH)
|
|
Batting: SHB Stephen Kowalski
|
0-0: Called Strike 0-1: Swinging Strike 0-2: Strikes out swinging
|
| Bottom of the 6th over - 0 runs, 0 hits, 0 errors, 0 left on base; Walla Walla 8 - Lewiston 2 |
| TOP OF THE 7TH |
|
Walla Walla Walleyes batting - Pitching for Lewiston Broncs : RHP Julio Romero
|
|
Batting: RHB Osbe Hoskins
|
0-0: Called Strike 0-1: Swinging Strike 0-2: Ball 1-2: Strikes out swinging
|
|
Batting: LHB Brian Hartsock
|
0-0: Ground out U3 (Groundball, 3, EV 104.4 MPH)
|
|
Batting: SHB Jeff McKnight
|
0-0: Ground out 5-3 (Groundball, 56, EV 80.6 MPH)
|
| Top of the 7th over - 0 runs, 0 hits, 0 errors, 0 left on base; Walla Walla 8 - Lewiston 2 |
| BOTTOM OF THE 7TH |
|
Lewiston Broncs batting - Pitching for Walla Walla Walleyes : LHP Richard Embser
|
|
Batting: RHB Jay Roberts
|
0-0: Ball 1-0: Foul Ball, location: 2F 1-1: DOUBLE (Flyball, 8RXD, EV 99.4 MPH)
|
|
Batting: LHB Wayne Kirby
|
0-0: Called Strike 0-1: Swinging Strike 0-2: Foul Ball, location: 2F 0-2: Ball 1-2: Ball 2-2: Ground out U3 (Groundball, 34S, EV 89.4 MPH) Jay Roberts to third
|
|
Batting: LHB Alex Hernandez
|
0-0: Fly out, F3 (Line Drive, 3, EV 63.8 MPH)
|
|
Batting: RHB Jeff Kunkel
|
0-0: Foul Ball, location: 2F 0-1: Ball 1-1: Ground out 5-3 (Groundball, 56, EV 88.8 MPH)
|
| Bottom of the 7th over - 0 runs, 1 hit, 0 errors, 1 left on base; Walla Walla 8 - Lewiston 2 |
| TOP OF THE 8TH |
|
Walla Walla Walleyes batting - Pitching for Lewiston Broncs : RHP Julio Romero
|
|
Batting: RHB Mitch Lyden
|
0-0: Ball 1-0: Ground out 6-3 (Groundball, 6, EV 89.4 MPH)
|
|
Batting: SHB Damon Farmar
|
0-0: Called Strike 0-1: Ball 1-1: Called Strike 1-2: Ball 2-2: Strikes out swinging
|
|
Batting: RHB John Cortez
|
0-0: Fly out, F3 (Flyball, 3D, EV 87.5 MPH)
|
| Top of the 8th over - 0 runs, 0 hits, 0 errors, 0 left on base; Walla Walla 8 - Lewiston 2 |
| BOTTOM OF THE 8TH |
|
Lewiston Broncs batting - Pitching for Walla Walla Walleyes : LHP Richard Embser
|
|
Batting: RHB Bruce Castoria
|
0-0: Swinging Strike 0-1: Ball 1-1: Ball 2-1: Ball 3-1: Called Strike 3-2: Foul Ball, location: 2F 3-2: Fly out, F9 (Flyball, 9, EV 92.5 MPH)
|
|
Batting: RHB Sal D'Alessandro
|
0-0: Ball 1-0: Called Strike 1-1: Called Strike 1-2: Ball 2-2: Foul Ball, location: 2F 2-2: Strikes out swinging
|
|
Batting: LHB Nestor Moreno
|
0-0: Ball 1-0: Ball 2-0: Ball 3-0: Called Strike 3-1: Called Strike 3-2: Strikes out swinging
|
| Bottom of the 8th over - 0 runs, 0 hits, 0 errors, 0 left on base; Walla Walla 8 - Lewiston 2 |
| TOP OF THE 9TH |
|
Walla Walla Walleyes batting - Pitching for Lewiston Broncs : RHP Julio Romero
|
|
Batting: RHB Curtis Burke
|
0-0: Called Strike 0-1: Ball 1-1: Swinging Strike 1-2: SINGLE (Line Drive, 7LS, EV 108.8 MPH)
|
|
Pitching: RHP Scott Barnhouse
|
|
|
Batting: SHB Mike A Brumley
|
0-0: Swinging Strike 0-1: Foul Ball, location: 2F 0-2: Fly out, F7 (Line Drive, 7, EV 108.8 MPH)
|
|
Batting: LHB Thomas Gertz
|
0-0: Called Strike 0-1: Ball 1-1: Fly out, F9 (Flyball, 9LM, EV 80.0 MPH)
|
|
Batting: RHB Osbe Hoskins
|
0-0: Foul Ball, location: 2F 0-1: Foul Ball, location: 2F 0-2: Foul Ball, location: 2F 0-2: Strikes out swinging
|
| Top of the 9th over - 0 runs, 1 hit, 0 errors, 1 left on base; Walla Walla 8 - Lewiston 2 |
| BOTTOM OF THE 9TH |
|
Lewiston Broncs batting - Pitching for Walla Walla Walleyes : LHP Richard Embser
|
|
Batting: RHB Steven Spalt
|
0-0: Fly out, F8 (Flyball, 78D, EV 103.8 MPH)
|
|
Batting: SHB Stephen Kowalski
|
0-0: Ball 1-0: Ground out U3 (Groundball, 34, EV 86.9 MPH)
|
|
Batting: RHB Jay Roberts
|
0-0: Called Strike 0-1: Ball 1-1: Ball 2-1: Ball 3-1: Base on Balls
|
|
Batting: LHB Wayne Kirby
|
0-0: Ball 1-0: Foul Ball, location: 2F 1-1: Ball 2-1: Ball 3-1: Called Strike 3-2: Strikes out looking
|
| Bottom of the 9th over - 0 runs, 0 hits, 0 errors, 1 left on base; Walla Walla 8 - Lewiston 2 |
|